 Dungeon Crawl Stone Soup version 0.31.0-11-ge490571c62 (webtiles) character file.

Game seed: 17783197347079460942

28 browni3141 the Slasher (level 3, -19/30 HPs)
             Began as a Barachi Monk on Feb 2, 2024.
             Demolished by an ogre
             ... wielding a +0 giant club
              (27 damage)
             ... on level 4 of the Dungeon.
             The game lasted 00:03:17 (430 turns).

browni3141 the Slasher (Barachi Monk)                Turns: 430, Time: 00:03:18

Health: -19/30     AC:  5    Str: 14    XL:     3   Next: 14%
Magic:  5/5        EV: 13    Int: 12    God:
Gold:   25         SH:  0    Dex: 14    Spells: 5/5 levels left

rFire   . . .        a - +0 falchion
rCold   . . .        d - orb {light}
rNeg    . . .        b - +0 robe
rPois   .            m - +1 hat
rElec   .            (no cloak)
rCorr   .            l - +1 pair of gloves "Xacsamyq" {Str+2}
SInv    .            (no boots)
Will    .....        n - amulet of regeneration
Stlth   +            (no ring)
HPRegen 1.05/turn    (no ring)
MPRegen 0.09/turn

%: no passive effects
@: unable to hop, glowing, slow
A: amphibious, slowness 1, strong legs 1, +LOS
a: Hop


You were on level 4 of the Dungeon.
You visited 1 branch of the dungeon, and saw 4 of its levels.

You collected 55 gold pieces.
You spent 30 gold pieces at shops.

Inventory:

Hand Weapons
 a - a +0 falchion (weapon)
Missiles
 f - 2 poisoned darts
Armour
 b - a +0 robe (worn)
 d - an orb of light (worn)
 l - the +1 pair of gloves "Xacsamyq" (worn) {Str+2}
   (You found it on level 4 of the Dungeon)

   Str+2:     It affects your strength (+2).
 m - a +1 hat (worn)
Jewellery
 n - an amulet of regeneration (around neck)
Scrolls
 e - 2 scrolls of teleportation
 g - a scroll of enchant armour {unknown}
 k - a scroll of identify {unknown}
Potions
 c - a potion of ambrosia
 h - 3 potions of invisibility {unknown}
 i - 2 potions of curing
 o - a potion of brilliance {unknown}


   Skills:
 - Level 3.7 Fighting
 - Level 3.7 Long Blades
 - Level 3.3 Dodging
 * Level 1.5 Spellcasting
 * Level 1.4 Necromancy


You had 5 spell levels left.
You didn't know any spells.
Your spell library was empty.

Dungeon Overview and Level Annotations

Branches:
Dungeon (4/15)
 Temple: D:4-7

Altars:
Hepliaklqana
Makhleb

Shops:
D:4 !


Innate Abilities, Weirdness & Mutations

You are amphibious.
You cover ground slowly.
You can hop short distances.
You have an extended range of vision and can be seen from far away.


Message History

h - 3 ruby potions (gained 1)
You enter the deep water.
There is an entrance to Xytaqo's Distillery here.
i - 2 potions of curing (gained 1) Thank you for shopping at Xytaqo's Distillery!
You can access your shopping list by pressing '$'.
Unknown command.
Unknown command.
Unknown command.
You enter the deep water.
Okay, then.
You see here an amulet of regeneration.
You start putting on your amulet.
You continue putting on your amulet of regeneration.
You are ready to hop once more.
You continue putting on your amulet of regeneration. x4
You finish putting on your amulet of regeneration.
The amulet throbs as it attunes itself to your uninjured body.
n - an amulet of regeneration (around neck)
You see here an emerald potion.
o - an emerald potion
There is a stone staircase leading up here.
You climb upwards.
There is a stone staircase leading down here.
Found a stone staircase leading up.
You see here 14 gold pieces.
You now have 25 gold pieces (gained 14).
There is a stone staircase leading up here.
You climb upwards.
The ball python hisses angrily.
There is a stone staircase leading down here.
The ball python bites you but does no damage.
The ball python grabs you. The ball python constricts you.
You barely miss the ball python. The ball python misses you.
The ball python constricts you.
You hit the ball python.
The ball python is heavily wounded.
The ball python bites you but does no damage.
The ball python constricts you.
You hit the ball python but do no damage.
The ball python is heavily wounded.
The ball python bites you but does no damage.
The ball python constricts you. The ball python barely misses you.
The ball python constricts you.
You barely miss the ball python.
The ball python is heavily wounded.
The ball python bites you but does no damage.
The ball python constricts you.
You hit the ball python.
You kill the ball python!
You hit the quokka but do no damage. The quokka misses you. x2
You hit the quokka.
The quokka is heavily wounded.
The quokka bites you but does no damage.
You hit the quokka.
You kill the quokka!
No target in view!
There is a stone staircase leading down here.
You climb downwards.
There is a stone staircase leading up here.
Hop to where?
Press: ? - help, Dir - move target Boing!
Found a hazy altar of Hepliaklqana.
There is a stone staircase leading down here.
You climb downwards.
There is a stone staircase leading up here.
You enter the deep water.
You enter the deep water.
An ogre comes into view. It is wielding a +0 giant club.
The ogre shouts!
A hobgoblin comes into view.
A goblin comes into view. It is wielding a +0 club.
Aiming: Paralyse
Press: ? - help, Shift-Dir - straight line, f - ogre
Aim: an ogre, wielding a +0 giant club (haloed, chance to affect: 49%)
The ogre resists with some effort.
The goblin shouts!
The now-empty wand crumbles to dust.
You hit the hobgoblin but do no damage.
A dart slug comes into view.
The hobgoblin closely misses you.
You hit the hobgoblin.
You kill the hobgoblin!
You hit the ogre.
The ogre is lightly wounded.
The ogre hits you with a +0 giant club!
You slash the ogre!
The ogre is moderately wounded.
The ogre hits you with a +0 giant club.
You slash the ogre!
The ogre is heavily wounded.
You hit the ogre but do no damage.
The ogre is heavily wounded.
The ogre hits you with a +0 giant club!
You hit the ogre.
The ogre is severely wounded.
The ogre hits you with a +0 giant club!!
Ouch! That really hurt!
You die...

.#### .. ...
......... .. ...
.######...# ..
... ...###....#
. ...
..........#
#.#w#
.#.###....# .#..
.......... .g#
#........ #O#
#####..#######@#
#..........#
##.#########
########.#
.........#
##########


You could see an ogre, a dart slug and a goblin.

Vanquished Creatures
  An adder (D:2)
  A dart slug (D:3)
  A ball python (D:2)
  An endoplasm (D:4)
  2 goblins (D:1)
  3 hobgoblins
  3 kobolds
  2 quokkas
  A bat (D:2)
15 creatures vanquished.

Notes
Turn   | Place    | Note
-------+----------+-------------------------------------------
     0 | D:1      | browni3141 the Barachi Monk began the quest for the Orb.
     0 | D:1      | Reached XP level 1. HP: 18/18 MP: 1/1
    69 | D:2      | Found a burning altar of Makhleb.
    89 | D:2      | Reached skill level 1 in Spellcasting
    89 | D:2      | Reached XP level 2. HP: 4/25 MP: 1/3
   116 | D:2      | Reached skill level 1 in Necromancy
   221 | D:4      | Identified the +1 pair of gloves "Xacsamyq" {Str+2}
   229 | D:4      | Reached XP level 3. HP: 28/30 MP: 5/5
   240 | D:4      | Found Xytaqo's Distillery.
   266 | D:4      | Bought a potion of curing for 30 gold pieces
   322 | D:3      | Found a hazy altar of Hepliaklqana.
   420 | D:4      | Noticed an ogre
   430 | D:4      | Demolished by an ogre

Illustrated notes

Levels and vault maps discovered:
D:1:      spicycebolla_arrival_risky_transporter, layout_basic,
          shapermc_ecumenical_altar_mp_vishouse
D:2:      layout_loops_ring, basic_altar, nrook_uturn
D:3:      layout_basic, marbit_many_paths, nzn_hepliaklqana_mist_gate,
          ebering_ghost_rock_garden, uniq_crazy_yiuf_cottage
D:4:      layout_loops_ring, lemuel_round_altar, nicolae_overflow_hidden_temple,
          serial_shops, nicolae_shop_peninsula

Skill      XL: |  1  2 |
---------------+-------+-----
Spellcasting   | 1 |  1.5
Necromancy     | 1 |  1.4
Fighting       | |  3.7
Long Blades    | |  3.7
Dodging        | |  3.3

Action                     || total
---------------------------++-------
  Melee: Falchion          ||    47
Ability: Hop               ||     3
  Evoke: Wand              ||     1
    Use: Scroll            ||     1
 Armour: Robe              ||    22
  Dodge: Dodged            ||    22
